[Event "ICC tourney 2784 (30 10)"]
[Site "Internet Chess Club"]
[Date "2022.01.02"]
[Round "4"]
[White "WANG, ISAAC:CoastalJourney"]
[Black "Nguyen, Lam Vuong Tung:Simplicitybest"]
[Result "1-0"]
[ICCResult "Black forfeits on time"]
[WhiteElo "1541"]
[BlackElo "1800"]
[Opening "Grünfeld: Grünfeld gambit accepted"]
[ECO "D84"]
[NIC "GI.03"]
[Time "18:00:10"]
[PlyCount "121"]
[TimeControl "1800+10"]

1. d4 Nf6 2. c4 g6 3. Nc3 d5 4. Bf4 Bg7 5. e3 O-O 6. cxd5 Nxd5 7. Nxd5 Qxd5
8. Bxc7 Nc6 9. Ne2 Bg4 10. f3 Bxf3 11. gxf3 Qxf3 12. Rg1 Qxe3 13. Bf4 Qf3
14. Bg2 Qh5 15. Bxc6 bxc6 16. Qc2 Rac8 17. O-O-O c5 18. d5 c4 19. Nc3 Rfd8
20. d6 exd6 21. Bxd6 Qf3 22. Rgf1 Qe3+ 23. Kb1 Qb6 24. Bf4 a5 25. Nd5 Qb7
26. Nc3 Rxd1+ 27. Nxd1 c3 28. b3 a4 29. Ne3 axb3 30. Qxb3 Qe4+ 31. Nc2 h6
32. Bd6 Rc4 33. Re1 Qc6 34. Bb4 Kh7 35. a3 f5 36. Ka2 f4 37. Re7 g5 38. Qb1
Kg8 39. Qd1 Qg6 40. Kb3 Rc6 41. Qd5+ Kh7 42. Qd7 Rb6 43. Qd5 g4 44. Rf7 f3
45. Rf4 h5 46. Rf5 Kh6 47. Ne3 f2 48. Rxf2 Qb1+ 49. Kc4 Qg6 50. Nf5+ Kh7 51.
Nxg7 Kxg7 52. Qe5+ Kh7 53. Qe7+ Kh6 54. Qf8+ Qg7 55. Qxg7+ Kxg7 56. Bxc3+
Kg6 57. a4 h4 58. a5 Rc6+ 59. Kb4 Kh5 60. Be5 Re6 61. Bf4
{Black forfeits on time}
1-0

[Event "ICC tourney 2784 (30 10)"]
[Site "Internet Chess Club"]
[Date "2022.01.02"]
[Round "4"]
[White "ZHANG, ALEX:yangjunboy7"]
[Black "CHIANG, JACOB:Cobysters"]
[Result "1/2-1/2"]
[ICCResult "Game drawn by repetition"]
[WhiteElo "1808"]
[BlackElo "1831"]
[Opening "Trompowsky attack (Ruth, Opocenský opening)"]
[ECO "A45"]
[NIC "QP.07"]
[Time "18:00:14"]
[PlyCount "133"]
[TimeControl "1800+10"]

1. d4 Nf6 2. Bg5 d5 3. Bxf6 exf6 4. e3 Bd6 5. Bd3 O-O 6. Nd2 c6 7. Qf3 Be6
8. Ne2 Qc8 9. h3 Na6 10. c3 Re8 11. O-O Rb8 12. Rfe1 Nc7 13. Nf1 f5 14. Nf4
g6 15. Nd2 b5 16. b4 a5 17. bxa5 b4 18. c4 Bf8 19. Rec1 Qd7 20. Nb3 Ra8 21.
c5 Bg7 22. Bf1 f6 23. Nd3 Bf7 24. Nxb4 Bh6 25. Bd3 Ne6 26. h4 f4 27. e4 Nc7
28. exd5 Nxd5 29. Nxd5 Bxd5 30. Bc4 Re6 31. Bxd5 cxd5 32. Rc2 Rae8 33. Kh2
Kg7 34. Rac1 Rc6 35. Rb1 g5 36. hxg5 fxg5 37. Nd2 g4 38. Qd3 g3+ 39. Kg1
gxf2+ 40. Kxf2 Rce6 41. Nf3 Re3 42. c6 Qg4 43. Rb7+ Kf8 44. Qd1 Bg7 45. Rd2
Qg3+ 46. Kf1 Kg8 47. c7 Rxf3+ 48. gxf3 Qh3+ 49. Rg2 Qh1+ 50. Rg1 Qh3+ 51.
Kf2 Qh4+ 52. Kf1 Qh3+ 53. Rg2 Qh1+ 54. Rg1 Qh3+ 55. Rg2 Qh1+ 56. Kf2 Qxd1
57. Rxg7+ Kh8 58. Rxh7+ Kg8 59. Rg7+ Kf8 60. Rf7+ Kg8 61. Rg7+ Kh8 62. Rh7+
Kg8 63. Rg7+ Kh8 64. Rh7+ Kg8 65. Rg7+ Kh8 66. Rh7+ Kg8 67. Rg7+
{Game drawn by repetition}
1/2-1/2

[Event "ICC tourney 2784 (30 10)"]
[Site "Internet Chess Club"]
[Date "2022.01.02"]
[Round "5"]
[White "Vishwa, Susheel:sushivishwa"]
[Black "TANG, VINCENT:VincentT2008"]
[Result "0-1"]
[ICCResult "White resigns"]
[WhiteElo "1964"]
[BlackElo "1767"]
[Opening "KP: King's head opening"]
[ECO "C20"]
[NIC "KP.10"]
[Time "20:00:14"]
[PlyCount "58"]
[TimeControl "1800+10"]

1. e4 e5 2. f3 Nf6 3. Nc3 Nc6 4. d3 Bc5 5. Ke2 d5 6. Bg5 Nd4+ 7. Ke1 h6 8.
Bh4 c6 9. Nge2 O-O 10. Na4 Be7 11. Nxd4 exd4 12. Bf2 c5 13. c3 dxc3 14. Nxc3
d4 15. Ne2 c4 16. Nxd4 Qa5+ 17. Ke2 cxd3+ 18. Qxd3 Rd8 19. Qb5 Qc7 20. Be3
Bc5 21. Rc1 b6 22. b4 a5 23. Qc6 Ba6+ 24. Kf2 Qxc6 25. Nxc6 Rd2+ 26. Kg3
Bxe3 27. Bxa6 Rxa6 28. Ne7+ Kh7 29. Rc2 Rxc2 {White resigns} 0-1

[Event "ICC tourney 2784 (30 10)"]
[Site "Internet Chess Club"]
[Date "2022.01.02"]
[Round "5"]
[White "Luo, Will:willluowin"]
[Black "VIKAS, HEMA:madscience08"]
[Result "1-0"]
[ICCResult "Black resigns"]
[WhiteElo "1692"]
[BlackElo "1407"]
[Opening "English opening"]
[ECO "A20"]
[NIC "EO.24"]
[Time "20:00:17"]
[PlyCount "101"]
[TimeControl "1800+10"]

1. c4 e5 2. g3 Nf6 3. Bg2 c6 4. d4 e4 5. Nc3 d5 6. Bg5 Be7 7. e3 h6 8. Bxf6
Bxf6 9. cxd5 cxd5 10. Qb3 Be6 11. Qxb7 Nd7 12. Nxd5 Rb8 13. Nxf6+ Qxf6 14.
Qxe4 Rxb2 15. Nf3 O-O 16. O-O Bxa2 17. Ne1 Bc4 18. Nd3 Rd2 19. Ra3 Qd6 20.
Rfa1 Rd1+ 21. Rxd1 Qxa3 22. Ne5 Nxe5 23. Qxe5 Qb3 24. Ra1 Qc3 25. Qa5 Qb2
26. Qxa7 Rb8 27. Qxb8+ Qxb8 28. Ra8 Qxa8 29. Bxa8 Kf8 30. Kg2 Ke7 31. Kf3 f5
32. Bc6 g5 33. g4 fxg4+ 34. Kxg4 Be2+ 35. Bf3 h5+ 36. Kg3 h4+ 37. Kg4 Bxf3+
38. Kxf3 Kf6 39. Kg4 Kg6 40. e4 Kf6 41. e5+ Kg6 42. d5 h3 43. Kxh3 Kf7 44.
e6+ Ke7 45. Kg4 Kd6 46. Kxg5 Ke7 47. Kf5 Kd6 48. Kf6 Kc7 49. e7 Kd7 50. Kf7
Kd6 51. e8=Q {Black resigns} 1-0

[Event "ICC tourney 2784 (30 10)"]
[Site "Internet Chess Club"]
[Date "2022.01.02"]
[Round "5"]
[White "DAS, ADITEYA:AdiD"]
[Black "LIU, PATRICK PEIJUN:JunlinTheWorld"]
[Result "0-1"]
[ICCResult "White checkmated"]
[WhiteElo "1436"]
[BlackElo "1817"]
[Opening "Réti: King's Indian attack"]
[ECO "A05"]
[NIC "QP.11"]
[Time "20:00:15"]
[PlyCount "148"]
[TimeControl "1800+10"]

1. Nf3 Nf6 2. g3 g6 3. b3 Bg7 4. Bb2 b6 5. Bg2 Bb7 6. O-O O-O 7. e3 d5 8. d4
Nbd7 9. Nbd2 e6 10. c4 c5 11. Rc1 Rc8 12. Qe2 Re8 13. Ne5 Ne4 14. Nxd7 Qxd7
15. Nxe4 dxe4 16. Rcd1 Qc7 17. Qc2 f5 18. f3 exf3 19. Bxf3 Bxf3 20. Rxf3
Rcd8 21. Rff1 e5 22. d5 e4 23. Bxg7 Qxg7 24. Rd2 Rd6 25. b4 cxb4 26. Qa4 Rc8
27. Qxb4 Qc7 28. Rc1 Qc5 29. Qc3 b5 30. Rd4 bxc4 31. Rxc4 Qxc4 32. Qxc4 Rxc4
33. Rxc4 Rxd5 34. Rc8+ Kg7 35. Rc7+ Kh6 36. Rxa7 Rd3 37. Kf2 Rd2+ 38. Kg1
Re2 39. Ra3 Kg5 40. h3 h5 41. Kf1 Rb2 42. Ra6 Rb1+ 43. Kf2 Rb2+ 44. Ke1 Rg2
45. h4+ Kh6 46. a4 Rxg3 47. Kf2 Rh3 48. a5 Rxh4 49. Ra8 Rh1 50. a6 Ra1 51.
a7 Kg5 52. Kg3 Ra2 53. Kh3 Ra3 54. Kg2 Ra2+ 55. Kg3 h4+ 56. Kh3 Ra3 57. Kg2
Kg4 58. Rg8 Ra2+ 59. Kg1 Rxa7 60. Rxg6+ Kf3 61. Rf6 Ra5 62. Rh6 Kxe3 63.
Rxh4 f4 64. Rh8 f3 65. Rf8 Ke2 66. Kh2 f2 67. Kg3 Rg5+ 68. Kh4 Rg1 69. Kh3
f1=Q+ 70. Rxf1 Kxf1 71. Kh2 e3 72. Kh3 e2 73. Kh4 e1=Q+ 74. Kh3 Qg3#
{White checkmated}
0-1

[Event "ICC tourney 2784 (30 10)"]
[Site "Internet Chess Club"]
[Date "2022.01.02"]
[Round "5"]
[White "BAJAJ, ARJUN:LuckyNessLover"]
[Black "WAKIDA, KEN:Yamato1945"]
[Result "0-1"]
[ICCResult "White checkmated"]
[WhiteElo "1551"]
[BlackElo "1617"]
[Opening "Caro-Kann: Panov-Botvinnik attack, 5...e6"]
[ECO "B14"]
[NIC "CK.02"]
[Time "20:00:16"]
[PlyCount "68"]
[TimeControl "1800+10"]

1. e4 c6 2. d4 d5 3. exd5 cxd5 4. c4 e6 5. Nc3 Nf6 6. Nf3 Nc6 7. Bf4 Bd6 8.
Bg3 Bxg3 9. hxg3 O-O 10. Bd3 Qd7 11. g4 dxc4 12. g5 cxd3 13. Qxd3 e5 14.
gxf6 Qf5 15. Ne4 Re8 16. g4 Qf4 17. Nd6 e4 18. Qb3 Qxd6 19. Ng5 Qxf6 20.
Nxh7 Qf3 21. Kd2 Qxf2+ 22. Kc1 Nxd4 23. Qd1 Bxg4 24. Nf6+ Qxf6 25. Qxg4
Rac8+ 26. Kd1 Qf3+ 27. Qxf3 Nxf3 28. Ke2 Rc2+ 29. Ke3 Rxb2 30. Rh3 Rh2 31.
Rg3 f5 32. Kf4 Rh4+ 33. Kxf5 Re5+ 34. Kg6 Rh6# {White checkmated} 0-1

[Event "ICC tourney 2784 (30 10)"]
[Site "Internet Chess Club"]
[Date "2022.01.02"]
[Round "5"]
[White "PHADKE, VIRAJ SHARAD:virajphadke"]
[Black "TREUSDELL, ROSS G:IveDoneEnough"]
[Result "0-1"]
[ICCResult "White resigns"]
[WhiteElo "1598"]
[BlackElo "1754"]
[Opening "Grünfeld: modern exchange variation"]
[ECO "D90"]
[NIC "GI.07"]
[Time "20:00:16"]
[PlyCount "88"]
[TimeControl "1800+10"]

1. d4 Nf6 2. c4 g6 3. Nf3 Bg7 4. Nc3 d5 5. cxd5 Nxd5 6. e4 Nxc3 7. bxc3 Nc6
8. Bd3 O-O 9. O-O b6 10. Be3 Bb7 11. Qd2 Na5 12. Bh6 e6 13. Bxg7 Kxg7 14.
Ne5 c5 15. Ng4 Qh4 16. Be2 f5 17. exf5 exf5 18. Ne5 Rad8 19. Rad1 Nc6 20.
Nf3 Qf6 21. d5 Na5 22. c4 Rfe8 23. Rfe1 Re4 24. Bd3 Nxc4 25. Qg5 Qxg5 26.
Nxg5 Rxe1+ 27. Rxe1 Bxd5 28. h4 h6 29. Nf3 Kf6 30. Bxc4 Bxc4 31. a3 Bb3 32.
Ne5 c4 33. Nc6 Rd7 34. Ne5 Rc7 35. f4 b5 36. Kf2 a5 37. Ke3 h5 38. Kd4 c3
39. Nd3 Bc2 40. Nc5 b4 41. Kc4 b3 42. Kd4 b2 43. Re6+ Kf7 44. Rc6 Rxc6
{White resigns}
0-1

[Event "ICC tourney 2784 (30 10)"]
[Site "Internet Chess Club"]
[Date "2022.01.02"]
[Round "5"]
[White "VIDENA, DANIEL TUAPEN:Davide25"]
[Black "Laido, Olivia:beibeiolivia"]
[Result "1-0"]
[ICCResult "Black checkmated"]
[WhiteElo "1633"]
[BlackElo "1409"]
[Opening "Mieses opening"]
[ECO "A00"]
[NIC "VO.13"]
[Time "20:00:57"]
[PlyCount "113"]
[TimeControl "1800+10"]

1. d3 e5 2. c4 Nf6 3. Nc3 d5 4. cxd5 Nxd5 5. Nf3 Nc6 6. g3 Nb6 7. Bg2 Be6 8.
Be3 Be7 9. d4 exd4 10. Nxd4 Nxd4 11. Bxd4 O-O 12. O-O c6 13. e4 Qd7 14. f4
Bh3 15. Bxh3 Qxh3 16. Qb3 c5 17. Be3 Rfd8 18. Rfd1 Rac8 19. a4 Rxd1+ 20.
Rxd1 Rb8 21. a5 Nd7 22. Nd5 Bf8 23. Qb5 Kh8 24. Bd2 Qe6 25. Bc3 a6 26. Qd3
Rd8 27. Nb6 c4 28. Qxc4 Nxb6 29. Rxd8 Qe7 30. Qd4 f6 31. axb6 h6 32. Bb4 Qe6
33. Rxf8+ Kh7 34. e5 Qf5 35. exf6 Qb1+ 36. Kf2 Qc2+ 37. Bd2 gxf6 38. Rxf6
Qc8 39. Rf7+ Kg6 40. Qf6+ Kh5 41. Qf5+ Qxf5 42. Rxf5+ Kg6 43. Rd5 h5 44. Ke3
h4 45. g4 h3 46. Ke4 a5 47. Rd6+ Kf7 48. Ke5 a4 49. f5 a3 50. bxa3 Ke7 51.
f6+ Kf7 52. Kf5 Kf8 53. Ke6 Kg8 54. Rd7 Kh8 55. g5 Kg8 56. g6 Kf8 57. Rd8#
{Black checkmated}
1-0

[Event "ICC tourney 2784 (30 10)"]
[Site "Internet Chess Club"]
[Date "2022.01.02"]
[Round "5"]
[White "THAIN, JACK:jt1819"]
[Black "TU, LAWRENCE:LawrenceTu"]
[Result "1-0"]
[ICCResult "Black checkmated"]
[WhiteElo "1701"]
[BlackElo "1633"]
[Opening "Queen's pawn: Chigorin variation"]
[ECO "D00"]
[NIC "QP.08"]
[Time "20:00:15"]
[PlyCount "139"]
[TimeControl "1800+10"]

1. d4 d5 2. Nc3 e6 3. Bf4 Nf6 4. e3 Bd6 5. Bd3 Bxf4 6. exf4 O-O 7. Nf3 a6 8.
Ne5 Nbd7 9. g4 c5 10. dxc5 Nxc5 11. g5 Nfe4 12. Nxe4 dxe4 13. Be2 b5 14.
Qxd8 Rxd8 15. O-O Bb7 16. Rad1 Rd5 17. Bh5 f6 18. gxf6 gxf6 19. Rxd5 Bxd5
20. Ng4 Kg7 21. Ne3 f5 22. Rd1 Rd8 23. b3 Kf6 24. Kf1 Nb7 25. Ke2 Bc6 26.
Rxd8 Nxd8 27. Kd2 e5 28. fxe5+ Kxe5 29. Kc3 a5 30. b4 a4 31. a3 Ne6 32. Kd2
Nf4 33. Bf7 Nd5 34. c4 Nxe3 35. fxe3 f4 36. exf4+ Kxf4 37. c5 e3+ 38. Ke2
Ke4 39. Bh5 Kd4 40. Bg4 Bd5 41. Bf5 h5 42. h4 Bc4+ 43. Ke1 Ke5 44. Bg6 Kf4
45. Bxh5 Kg3 46. Be2 Bb3 47. Bxb5 Kxh4 48. c6 Bd5 49. c7 Be6 50. Bxa4 Kg5
51. b5 Kf6 52. b6 Bc8 53. Bc6 Ke7 54. b7 Bxb7 55. Bxb7 Kd6 56. c8=Q Ke5 57.
Qc4 Kf6 58. Ke2 Ke7 59. Kxe3 Kd6 60. Bh1 Ke5 61. a4 Kf6 62. a5 Ke7 63. a6
Kd6 64. a7 Ke7 65. a8=Q Kf6 66. Qad5 Ke7 67. Qcc6 Kf8 68. Qdd7 Kg8 69. Qg6+
Kh8 70. Qgh7# {Black checkmated} 1-0

[Event "ICC tourney 2784 (30 10)"]
[Site "Internet Chess Club"]
[Date "2022.01.02"]
[Round "5"]
[White "SIMPSON, MICHAEL:MichaelSimpson"]
[Black "ZHANG, ALEX:yangjunboy7"]
[Result "0-1"]
[ICCResult "White resigns"]
[WhiteElo "1950"]
[BlackElo "1808"]
[Opening "Caro-Kann: advance variation"]
[ECO "B12"]
[NIC "CK.04"]
[Time "20:00:16"]
[PlyCount "76"]
[TimeControl "1800+10"]

1. e4 c6 2. d4 d5 3. e5 Bf5 4. h4 h5 5. Bd3 Bxd3 6. Qxd3 e6 7. Bg5 Be7 8.
Nf3 Nh6 9. Nbd2 Nf5 10. c4 O-O 11. O-O Nxh4 12. Bxe7 Qxe7 13. Qb3 Nxf3+ 14.
Nxf3 dxc4 15. Qxc4 Nd7 16. g3 c5 17. d5 Nb6 18. d6 Qxd6 19. Qh4 Qd3 20. Qxh5
g6 21. Qg4 Rad8 22. Ng5 Kg7 23. Ne4 Rd4 24. Rae1 Nd5 25. f3 Ne3 26. Qg5 Nxf1
27. Qf6+ Kg8 28. Rxf1 Qe3+ 29. Kg2 Rfd8 30. Ng5 Rd2+ 31. Kh3 R8d7 32. Rh1
Qe2 33. Nxe6 fxe6 34. Kg4 R2d4+ 35. Kg5 Qe3+ 36. Kxg6 Qd3+ 37. Kg5 Rg7+ 38.
Kh5 Qh7+ {White resigns} 0-1

[Event "ICC tourney 2784 (30 10)"]
[Site "Internet Chess Club"]
[Date "2022.01.02"]
[Round "5"]
[White "CHINNI, RISHABH:alphachesplayer"]
[Black "OPASKA, MICHAEL:mopaska1106"]
[Result "0-1"]
[ICCResult "White resigns"]
[WhiteElo "1555"]
[BlackElo "1874"]
[Opening "Sicilian: Labourdonnais-Löwenthal (Kalashnikov) variation"]
[ECO "B32"]
[NIC "SI.32"]
[Time "20:00:19"]
[PlyCount "74"]
[TimeControl "1800+10"]

1. e4 c5 2. Nf3 Nc6 3. d4 cxd4 4. Nxd4 e5 5. Nb5 d6 6. c4 Be7 7. N1c3 a6 8.
Na3 Be6 9. g3 Bg5 10. Bg2 Bxc1 11. Rxc1 Nge7 12. O-O O-O 13. Nd5 Nd4 14. Nc2
Nec6 15. Nce3 Qa5 16. a3 Rac8 17. Qd3 Qc5 18. b4 Qa7 19. b5 Na5 20. Ne7+ Kh8
21. Nxc8 Rxc8 22. Nd5 Qc5 23. bxa6 bxa6 24. Rc3 Bxd5 25. exd5 f5 26. Rd1 Rb8
27. Bf1 g6 28. Rb1 Rf8 29. Rd1 f4 30. Bg2 Kg7 31. Qe4 Kh8 32. Bf1 Nab3 33.
a4 Qb4 34. Rdd3 Nc5 35. Qe1 Nxd3 36. Bxd3 Nf3+ 37. Kf1 Nxe1 {White resigns}
0-1

[Event "ICC tourney 2784 (30 10)"]
[Site "Internet Chess Club"]
[Date "2022.01.02"]
[Round "5"]
[White "Nguyen, Lam Vuong Tung:Simplicitybest"]
[Black "QIAN, BOBBY:math54321"]
[Result "1/2-1/2"]
[ICCResult "Game drawn by repetition"]
[WhiteElo "1800"]
[BlackElo "1610"]
[Opening "Queen's pawn game, Darooha variation "]
[ECO "D02"]
[NIC "QP.08"]
[Time "20:00:26"]
[PlyCount "109"]
[TimeControl "1800+10"]

1. d4 d5 2. Nf3 Nf6 3. g3 Bf5 4. Bg2 e6 5. O-O c5 6. c4 Nc6 7. Nc3 Be7 8.
dxc5 Bxc5 9. cxd5 Nxd5 10. Nxd5 Qxd5 11. Qxd5 exd5 12. Rd1 Rd8 13. b3 O-O
14. Bb2 d4 15. Rac1 Bb6 16. Nd2 Rfe8 17. Bf3 Ne5 18. Bxb7 Ng4 19. Bf3 Ne5
20. Nc4 Nxf3+ 21. exf3 d3 22. Bc3 Re2 23. Nxb6 axb6 24. Rd2 Rde8 25. g4 Bg6
26. a4 f6 27. Kg2 Kf7 28. b4 Rc8 29. Rdd1 Rc2 30. Bb2 R8c4 31. a5 Rxb4 32.
a6 Rbxb2 33. a7 Ra2 34. Ra1 Rxf2+ 35. Kg3 Rg2+ 36. Kf4 Rxh2 37. a8=Q Rxa8
38. Rxa8 b5 39. Rb8 Rb2 40. Re1 d2 41. Rb7+ Kf8 42. Rd1 Be8 43. Ke3 Bc6 44.
Rb8+ Kf7 45. f4 Rb4 46. Rf1 Rb2 47. Rd8 Bg2 48. Rg1 Bc6 49. Rxd2 Rb3+ 50.
Rd3 Rb4 51. Rd4 Rb3+ 52. Rd3 Rb4 53. Rd4 Rb3+ 54. Rd3 Rb4 55. Rd4
{Game drawn by repetition}
1/2-1/2

[Event "ICC tourney 2784 (30 10)"]
[Site "Internet Chess Club"]
[Date "2022.01.02"]
[Round "5"]
[White "BIST, ATHARVA:Atharva10"]
[Black "WANG, ISAAC:CoastalJourney"]
[Result "0-1"]
[ICCResult "White resigns"]
[WhiteElo "1861"]
[BlackElo "1541"]
[Opening "Queen's pawn, Mason variation"]
[ECO "D00"]
[NIC "QP.08"]
[Time "20:00:14"]
[PlyCount "114"]
[TimeControl "1800+10"]

1. d4 d5 2. Bf4 Nf6 3. e3 c6 4. Bd3 Bg4 5. f3 Bh5 6. Ne2 Bg6 7. O-O e6 8. c4
Bd6 9. Nbc3 Bxf4 10. Nxf4 Nbd7 11. e4 dxe4 12. fxe4 e5 13. Nxg6 hxg6 14. d5
Qb6+ 15. Kh1 Qxb2 16. Na4 Qd4 17. Rb1 Nb6 18. Nxb6 axb6 19. Qe2 O-O 20. Rb3
b5 21. dxc6 bxc4 22. cxb7 cxb3 23. bxa8=Q Rxa8 24. axb3 Rd8 25. Bc4 Rd7 26.
Bb5 Rb7 27. Qc4 Qb6 28. Ba4 Rc7 29. Qd3 Qd4 30. Bb5 Nxe4 31. Qf3 Nd6 32. Rd1
Qb6 33. Bc4 Rc8 34. Rf1 Qc7 35. Bd5 Nf5 36. g4 Nh6 37. Qe4 Kh7 38. h4 f5 39.
gxf5 gxf5 40. Qg2 Qe7 41. Qg5 Qd7 42. Bc4 Qc6+ 43. Kg1 Qe4 44. h5 Rf8 45.
Qg6+ Kh8 46. Be6 Qe3+ 47. Kg2 f4 48. Bd5 Qd2+ 49. Rf2 Qxd5+ 50. Kg1 e4 51.
Rg2 Qf7 52. Qxe4 f3 53. Rg6 f2+ 54. Kf1 Qxb3 55. Rxh6+ gxh6 56. Qe5+ Kg8 57.
Qg3+ Qxg3 {White resigns} 0-1

[Event "ICC tourney 2784 (30 10)"]
[Site "Internet Chess Club"]
[Date "2022.01.02"]
[Round "5"]
[White "LIN, BENJAMIN GU:bgl2011"]
[Black "AYYAPPAN, SANTHOSH:SanthoshA"]
[Result "1-0"]
[ICCResult "Black checkmated"]
[WhiteElo "1655"]
[BlackElo "1643"]
[Opening "Giuoco Piano"]
[ECO "C54"]
[NIC "IG.02"]
[Time "20:00:43"]
[PlyCount "135"]
[TimeControl "1800+10"]

1. e4 e5 2. Nf3 Nc6 3. Bc4 Bc5 4. c3 Nf6 5. d3 d6 6. O-O O-O 7. Bg5 h6 8.
Bh4 Be6 9. Bb3 Bxb3 10. axb3 a5 11. Nbd2 Qe7 12. Re1 b5 13. Nf1 Bb6 14. Ne3
Bxe3 15. fxe3 g5 16. Bg3 d5 17. exd5 Nxd5 18. e4 Nf6 19. Qc2 Nh5 20. Qf2
Nxg3 21. Qxg3 f6 22. Nh4 Qh7 23. Nf5 Ne7 24. Ne3 Rfd8 25. Rad1 Rd6 26. Rf1
Rad8 27. Ng4 Qg7 28. Qf3 Rf8 29. Ne3 Qg6 30. g4 Kg7 31. Qe2 c6 32. Ra1 Ra8
33. Rf2 Qe8 34. Raf1 Qd7 35. Qc2 Rd8 36. Ng2 Qxg4 37. Kh1 Qd7 38. Ne1 c5 39.
Rf3 Rf8 40. Qf2 Qc6 41. Qg2 Ng6 42. Nc2 Nh4 43. Qf2 Nxf3 44. Qxf3 Qd7 45.
Ne3 Rxd3 46. Nf5+ Kg6 47. Qg4 Rh8 48. Qg1 Qb7 49. Qg2 Rhd8 50. Qg4 h5 51.
Nh4+ Kg7 52. Nf5+ Kg8 53. Qxh5 Qxe4+ 54. Kg1 Qb7 55. Qg6+ Kh8 56. Qxf6+ Kh7
57. Ne7 R3d6 58. Qf7+ Kh8 59. Ng6+ Rxg6 60. Qxb7 b4 61. cxb4 axb4 62. Rf7
Rh6 63. Qe7 Rd1+ 64. Kg2 Rd2+ 65. Kg3 Rd3+ 66. Kg4 Rd4+ 67. Kxg5 Rhh4 68.
Rf8# {Black checkmated} 1-0

[Event "ICC tourney 2784 (30 10)"]
[Site "Internet Chess Club"]
[Date "2022.01.02"]
[Round "5"]
[White "WANG, ALEXANDER J:ickyquarter"]
[Black "CHIANG, JACOB:Cobysters"]
[Result "1-0"]
[ICCResult "Black checkmated"]
[WhiteElo "1865"]
[BlackElo "1831"]
[Opening "Sicilian"]
[ECO "B56"]
[NIC "SI.25"]
[Time "20:00:17"]
[PlyCount "223"]
[TimeControl "1800+10"]

1. e4 c5 2. Nf3 Nc6 3. d4 cxd4 4. Nxd4 Nf6 5. Nc3 d6 6. g3 e6 7. Bg2 Be7 8.
O-O O-O 9. Nde2 Bd7 10. h3 a6 11. a4 Rc8 12. g4 e5 13. Be3 Be6 14. Nd5 Ne8
15. Ng3 g6 16. Qd2 f6 17. Rfd1 f5 18. gxf5 gxf5 19. exf5 Bxf5 20. Bh6 Rf7
21. Nxe7+ Qxe7 22. Nxf5 Rxf5 23. Ra3 Nd4 24. Rg3+ Kh8 25. c3 Ne6 26. Bd5
N8c7 27. Bxb7 Rd8 28. Qe2 Nf4 29. Qg4 Rf7 30. Bg5 Qf8 31. Bxd8 Qxd8 32. Rxd6
Qf8 33. Rd2 Ne8 34. Bf3 Nf6 35. Qg5 Nxh3+ 36. Rxh3 Rg7 37. Qxg7+ Kxg7 38.
Rg3+ Kf7 39. Bd5+ Ke7 40. c4 Nh5 41. Rg8 Qh6 42. Re2 Qc1+ 43. Kh2 Qf4+ 44.
Kg2 Qd4 45. Kf1 Nf4 46. Re1 Qxb2 47. Rg7+ Kd6 48. Rxh7 Nd3 49. Rh6+ Kc5 50.
Rc6+ Kd4 51. Re4+ Kc3 52. Rf6 Qb1+ 53. Kg2 Nf4+ 54. Kh2 Nxd5 55. Rf3+ Kb4
56. Rxe5 Kxc4 57. Rff5 Nc3 58. Rc5+ Kd3 59. Rf3+ Ke2 60. Rcxc3 Kf1 61. Kg3
Qg6+ 62. Kf4 Qf6+ 63. Ke4 Qe6+ 64. Kd4 Kg2 65. Rg3+ Kf1 66. f4 Qd6+ 67. Ke4
Qb4+ 68. Ke5 Qxa4 69. Rgf3+ Ke2 70. Rce3+ Kd2 71. f5 Qe8+ 72. Kf4 Qb8+ 73.
Kg4 Qg8+ 74. Kh3 Qh8+ 75. Kg3 Qf6 76. Rd3+ Kc2 77. Rc3+ Kb2 78. Rce3 Qg5+
79. Kh2 Qh4+ 80. Kg2 Qg4+ 81. Kf2 Qh4+ 82. Ke2 Qc4+ 83. Rd3 Qe4+ 84. Kd2
Qb4+ 85. Ke2 Qe4+ 86. Kd1 Qg4 87. f6 Qg1+ 88. Ke2 Qg2+ 89. Ke3 Qg5+ 90. Ke4
Qg4+ 91. Ke5 Qh5+ 92. Ke6 Qe8+ 93. Kd5 Qd7+ 94. Ke5 Qe8+ 95. Kd4 Qd7+ 96.
Ke3 Qe6+ 97. Kd2 a5 98. Rb3+ Ka1 99. Ra3+ Kb2 100. Rfb3+ Qxb3 101. Rxb3+
Kxb3 102. f7 a4 103. f8=Q a3 104. Qf6 Ka2 105. Qe6+ Kb2 106. Qe5+ Kb3 107.
Qd5+ Kb2 108. Qd4+ Ka2 109. Qc4+ Kb2 110. Qc2+ Ka1 111. Kc3 a2 112. Qb2#
{Black checkmated}
1-0